 Dungeon Crawl Stone Soup version 0.17.0-23-g0de4337 (webtiles) character file.

109 JudasIscariot the Shield-Bearer (level 4, 0/35 HPs)
             Began as a Demonspawn Fighter on Nov 14, 2015.
             Slain by an ogre
             ... wielding a +0 giant club
              (8 damage)
             ... on level 4 of the Dungeon.
             The game lasted 00:08:14 (2532 turns).

JudasIscariot the Shield-Bearer (DsFi)              Turns: 2532, Time: 00:08:15

Health: 0/35       AC: 16    Str: 22    XL:     4   Next: 60%
Magic:  4/4        EV:  1    Int:  9    God:
Gold:   166        SH: 12    Dex: 13    Spells: 0 memorised, 3 levels left

rFire  + . .     SeeInvis .     a - +1 war axe
rCold  + . .     Clarity  .     v - +1 gold dragon armour
rNeg   . . .     SustAt   .     c - +0 shield
rPois  +         Gourm    .     (no helmet)
rElec  .         Spirit   .     (no cloak)
rCorr  .         Warding  .     (no gloves)
rMut   .         Stasis   .     (no boots)
MR     .....                    (no amulet)
Stlth  ..........               (no ring)
                                (no ring)

@: mighty, not resistant to hostile enchantments, extremely unstealthy
A: talons 2, large bone plates 1
a: no special abilities


You were on level 4 of the Dungeon.
You were not hungry.

You visited 1 branch of the dungeon, and saw 4 of its levels.
You also visited: Sewer.

You collected 166 gold pieces.

Inventory:

Hand Weapons
 a - a +1 war axe (weapon)
Armour
 c - a +0 shield (worn)
 i - a +0 chain mail
 v - a +1 gold dragon armour (worn)
Scrolls
 h - a scroll of remove curse
 j - 2 scrolls of magic mapping
 o - 3 scrolls of enchant weapon
 s - a scroll of fear
Potions
 d - 2 potions of might
 k - a potion of resistance
 l - 2 potions of curing
 m - a potion of haste
 n - a potion of ambrosia {unknown}
 p - a potion of invisibility {unknown}
 q - a potion of agility {unknown}
 w - a potion of brilliance {unknown}
Miscellaneous
 f - a plain deck of wonders


   Skills:
 * Level 3.4 Fighting
 * Level 2.0 Axes
 * Level 3.5 Armour
 * Level 3.8 Shields


You had 3 spell levels left.
You didn't know any spells.

Dungeon Overview and Level Annotations

Branches:
Dungeon (4/15)
 Temple: D:4-7

Altars:
Nemelex Xobeh


Innate Abilities, Weirdness & Mutations

You have razor-sharp toenails.
You are partially covered in large bone plates (AC +2, SH +2).


Message History

You hit the ogre but do no damage. You claw the ogre.
The ogre is lightly wounded.
You block the giant cockroach's attack. The ogre hits you with a giant club!
You closely miss the ogre. You claw the ogre, but do no damage.
The ogre is lightly wounded.
You closely miss the giant cockroach. You block the giant cockroach's attack.
The ogre hits you but does no damage.
The giant cockroach bites you but does no damage.
Unknown command.
Drink which item? (? for menu, Esc to quit)
You feel very mighty all of a sudden. You block the giant cockroach's attack.
The ogre hits you with a giant club!
* * * LOW HITPOINT WARNING * * *
You slash the ogre!
The ogre is severely wounded.
Your shield and gold dragon armour prevent you from hitting the giant cockroach.
The giant cockroach bites you.
* * * LOW HITPOINT WARNING * * *
You block the giant cockroach's attack. The ogre hits you with a giant club!
You die...

###.# ...# ...#
... #####.###
#...)...#
..#####.##sO..###
...........@....+
.######.##....###
#<###.#.# #.#
#.#.# #.# #.# #
#.. ... ### #.#
#.# #.#


You could see an ogre and a giant cockroach.

Vanquished Creatures
  A hound zombie (D:3)
  3 adders
  2 giant geckos (D:3)
  3 ball pythons
  6 hobgoblins
  13 jackals
  6 kobolds
  A quokka (D:2)
  5 bats
  6 giant cockroaches
  4 giant newts (Sewer)
  7 goblins
  5 rats
62 creatures vanquished.

Notes
Turn   | Place    | Note
--------------------------------------------------------------
     0 | D:1      | JudasIscariot the Demonspawn Fighter began the quest for the Orb.
     0 | D:1      | Reached XP level 1. HP: 18/18 MP: 1/1
    52 | D:1      | Found a sparkling altar of Nemelex Xobeh.
   146 | D:1      | Gained mutation: You are partially covered in large bone plates (AC +2, SH +2). [demonic ancestry]
   146 | D:1      | Reached XP level 2. HP: 12/24 MP: 2/2
   961 | D:2      | Gained mutation: You have sharp toenails. [demonic ancestry]
   961 | D:2      | Reached XP level 3. HP: 27/29 MP: 3/3
  1460 | D:3      | Found a glowing drain.
  1467 | D:3      | Gained mutation: You have razor-sharp toenails. [demonic ancestry]
  1467 | D:3      | Reached XP level 4. HP: 28/35 MP: 4/4
  1497 | Sewer    | Entered a sewer
  2524 | D:4      | Noticed an ogre
  2532 | D:4      | Slain by an ogre

Action                   |  1- 3 |  4- 6 || total
-------------------------+-------+-------++-------
Melee: War axe           |   177 |   104 ||   281
  Use: Scroll            |     4 |     7 ||    11
       Potion            |       |     1 ||     1
  Eat: Chunk             |     2 |     3 ||     5
       Bread ration      |       |     1 ||     1
